 Dungeon Crawl Stone Soup version 0.26.1-11-gd32895ea62 (webtiles) character file.

Game seed: 8281316081762627358

88 dtburroughs the Skirmisher (level 4, -1/41 HPs)
             Began as a Minotaur Berserker on May 14, 2021.
             Was a Believer of Trog.
             Slain by an orc
             ... wielding a +2 trident of flaming
              (5 damage)
             ... on level 3 of the Dungeon.
             The game lasted 00:04:28 (1736 turns).

dtburroughs the Skirmisher (Minotaur Berserker)     Turns: 1736, Time: 00:04:29

Health: -1/41      AC:  5    Str: 21    XL:     4   Next: 29%
Magic:  3/3        EV:  7    Int:  5    God:    Trog [**....]
Gold:   71         SH: 12    Dex: 10    Spells: 3/3 levels left

rFire    . . .     SeeInvis .   a - +0 hand axe
rCold    . . .     Faith    .   p - +0 tower shield
rNeg     . . .     Spirit   .   m - +0 ring mail
rPois    .         Reflect  .   (helmet restricted)
rElec    .         Harm     .   (no cloak)
rCorr    .         Rampage  .   (no gloves)
Will     .....                  (no boots)
Stlth    ..........             (no amulet)
HPRegen  0.13/turn              (no ring)
MPRegen  0.08/turn              (no ring)

@: lethally poisoned (-1 -> -7)
A: retaliatory headbutt, horns 2
a: Renounce Religion, Berserk, Trog's Hand


You were on level 3 of the Dungeon.
You worshipped Trog.
Trog was pleased with you.
You visited 1 branch of the dungeon, and saw 3 of its levels.

You collected 71 gold pieces.

Inventory:

Hand Weapons
 a - a +0 hand axe (weapon)
Armour
 m - a +0 ring mail (worn)
 n - a scarf of harm
 p - a +0 tower shield (worn)
Scrolls
 b - a scroll of enchant weapon {unknown}
 h - a scroll of teleportation {unknown}
 i - a scroll of random uselessness {unknown}
 j - a scroll of remove curse {unknown}
 l - 4 scrolls of identify {unknown}
 o - a scroll of magic mapping {unknown}
 q - a scroll of amnesia {unknown}
Potions
 c - a potion of berserk rage {unknown}
 d - a potion of heal wounds {unknown}
 e - a potion of lignification {unknown}
 f - 3 potions of curing {unknown}
 g - a potion of mutation {unknown}
 k - a potion of flight {unknown}


   Skills:
 + Level 4.4 Fighting
 + Level 4.3 Axes
 + Level 3.4 Armour
 + Level 3.0 Dodging
 + Level 0.4 Shields


You had 3 spell levels left.
You didn't know any spells.
Your spell library was empty.

Dungeon Overview and Level Annotations

Branches:
Dungeon (3/15)

Altars:
Uskayaw


Innate Abilities, Weirdness & Mutations

You reflexively headbutt those who attack you in melee.
You have a pair of horns on your head.


Message History

a poisoned dart; a kobold corpse You closely miss something.
Your headbutt misses something.
You feel sick. Something hits you but does no damage.
The orc hits you but does no damage.
You completely miss something. Your headbutt misses something.
Something hits you.
The orc hits you from afar with a +2 trident of flaming!
* * * LOW HITPOINT WARNING * * *
The orc burns you.
* * * LOW HITPOINT WARNING * * *
Something hits you.
* * * LOW HITPOINT WARNING * * *
You closely miss something.
You feel less confused.
* * * LOW HITPOINT WARNING * * *
You feel sick. The orc barely misses you. Something completely misses you.
You barely miss something.
* * * LOW HITPOINT WARNING * * *
You feel sick.
The orc hits you from afar with a +2 trident of flaming.
You die...

########
...##<#
#####.##.#
#........#
#.#.#.####
#)# #(#
#@# #{#
#o#
#.)).....#
#.!.####.#
#...#
....#
###..#
....


You could see an orc.

Vanquished Creatures
  3 adders (D:2)
  An ooze (D:2)
  2 dart slugs
  2 leopard geckos (D:1)
  An orc (D:3)
  5 giant cockroaches
  4 goblins
  8 hobgoblins
  9 kobolds
  6 bats
  4 frilled lizards (D:1)
  5 rats
50 creatures vanquished.

Notes
Turn   | Place    | Note
-------+----------+-------------------------------------------
     0 | D:1      | dtburroughs the Minotaur Berserker began the quest for the
                  | Orb.
     0 | D:1      | Reached XP level 1. HP: 19/19 MP: 0/0
   202 | D:1      | Reached XP level 2. HP: 26/27 MP: 1/1
   749 | D:1      | Reached ** piety under Trog
   802 | D:1      | Reached XP level 3. HP: 30/33 MP: 2/2
  1205 | D:2      | Noticed a +0 dagger
  1332 | D:2      | Noticed a +0 hand axe
  1334 | D:2      | Found a hide-covered altar of Uskayaw.
  1448 | D:2      | Reached XP level 4. HP: 30/41 MP: 3/3
  1736 | D:3      | Slain by an orc

Illustrated notes

Levels and vault maps discovered:
D:1:      dpeg_arrival_orchard, layout_basic, ebering_dispersal_statue_hall
D:2:      layout_basic, dancing_weapons_uskayaw, minmay_misc_feat_cross
D:3:      layout_basic, lemuel_coloured_pillars_altar, uniq_grinder

Skill      XL: |  1  2  3 |
---------------+----------+-----
Fighting       | 4 |  4.4
Axes           | 4 |  4.3
Armour         | 3 |  3.4
Dodging        | 3 |  3.0
Shields        | |  0.4

Action                   |  1- 3 |  4- 6 || total
-------------------------+-------+-------++-------
Melee: Hand axe          |   101 |    16 ||   117
       Headbutt          |    17 |     1 ||    18
Armor: Animal skin       |    12 |       ||    12
       Ring mail         |    19 |     5 ||    24
Dodge: Dodged            |    54 |     8 ||    62
Block: Tower shield      |     7 |    12 ||    19
